 Dungeon Crawl Stone Soup version 0.26.1-11-gd32895ea62 (webtiles) character file.

Game seed: 11110432416109407463

46 Descartes the Magician (level 3, 0/14 HPs)
             Began as a Felid Wanderer on July 6, 2021.
             Slain by a jackal (3 damage)
             ... on level 2 of the Dungeon.
             The game lasted 00:04:17 (3289 turns).

Descartes the Magician (Felid Wanderer)             Turns: 3289, Time: 00:04:18

Health: 0/14       AC:  1    Str:  8    XL:     3   Next: 44%
Magic:  4/8        EV: 18    Int: 11    God:
Gold:   102        SH:  0    Dex: 18    Spells: 7/8 levels left
                                        Lives:  0   Deaths: 0

rFire    . . .     SeeInvis +     - Unarmed
rCold    . . .     Faith    .   (shield unavailable)
rNeg     . . .     Spirit   .   (armour unavailable)
rPois    .         Reflect  .   (helmet unavailable)
rElec    .         Harm     .   (cloak unavailable)
rCorr    .         Rampage  .   (gloves unavailable)
Will     .....                  (boots unavailable)
Stlth    ++........             (no amulet)
HPRegen  0.04/turn              (no ring)
MPRegen  0.11/turn              (no ring)

@: quick
A: very small, no armour, no weapons or thrown items, stealth, claws 1, fangs 3,
see invisible, speed 1, shaggy fur 1, sharp paws
a: no special abilities


You were on level 2 of the Dungeon.
You visited 1 branch of the dungeon, and saw 3 of its levels.

You collected 102 gold pieces.

Inventory:

Missiles
 d - 77 stones
Jewellery
 f - a +6 ring of intelligence {unknown}
Scrolls
 a - a scroll of teleportation {unknown}
 c - a scroll of fear {unknown}
 e - a scroll of immolation {unknown}
 h - a scroll of magic mapping {unknown}
 i - 2 scrolls of remove curse {unknown}
Potions
 b - 2 potions of might {unknown}
 g - a potion of attraction {unknown}


   Skills:
 + Level 3.0 Dodging
 - Level 2.0 Unarmed Combat
 - Level 3.0 Spellcasting
 - Level 3.0 Fire Magic
 - Level 2.1 Evocations


You had 7 spell levels left.
You knew the following spells:

 Your Spells              Type           Power        Failure   Level
a - Foxfire               Conj/Fire      16%          14%         1

Your spell library contained the following spells:

 Spells                   Type           Power        Failure   Level
 Corpse Rot               Necr/Air       N/A          36%         2
 Sublimation of Blood     Necr           0%           36%         2
 Conjure Flame            Conj/Fire      4%           38%         3


Dungeon Overview and Level Annotations

Branches:
Dungeon (3/15)

Altars:
Fedhas


Innate Abilities, Weirdness & Mutations

You cannot wear armour.
You are incapable of wielding weapons or throwing items.
Your paws allow you to move quietly. (Stealth)
You have sharp claws.
You have razor-sharp teeth.
You have supernaturally acute eyesight. (SInv)
You cover ground quickly.
You are covered in fur. (AC +1)
Your sharp claws are effective at attacking unaware monsters.


Message History

The jackal completely misses you. The kobold closely misses you.
The jackal bites you.
* * * LOW HITPOINT WARNING * * *
The jackal bites you.
* * * LOW HITPOINT WARNING * * *
The jackal bites you.
* * * LOW HITPOINT WARNING * * *
The kobold completely misses you.
You climb upwards.
There is a stone staircase leading down here.
You scratch the jackal.
You kill the jackal!
The jackal misses you. The jackal completely misses you.
The jackal misses you. x2
The kobold throws a stone.
The stone closely misses you. The jackal barely misses you.
You see here a stone.
The jackal barely misses you.
Your magical contamination has completely faded away.
The jackal bites you.
You die...

.###.#.#...................†.....
..........................#...#..
.###.....................###..#)#
.# #.......######...###.## ##.#.#
####.......# #......## ##...
......#..#.# #...###.## ##.#.#
####..#..#.# #...# ##.###..###
####.....#.# ####...#####.#.#.###
#........#.# #..@.....# ##.##....
#.##.#####.# #.h....#.# ########
...#.......###h....##.#
.....#######.......##.# (..###
##.K#.....##.######## ####
##...##..............#
#......#..####.#####.#
##...#.........# #.#
##..###...##### #.#


You could see 2 jackals and a kobold.

Vanquished Creatures
  2 worms (D:2)
  2 dart slugs (D:2)
  2 leopard geckos (D:1)
  A giant cockroach (D:2)
  2 goblins
  4 hobgoblins (D:1)
  5 jackals
  3 kobolds
  2 ball pythons (D:2)
  3 bats
  2 frilled lizards
  6 rats
34 creatures vanquished.

Vanquished Creatures (others)
  163 foxfires
163 creatures vanquished.

Grand Total: 197 creatures vanquished

Notes
Turn   | Place    | Note
-------+----------+-------------------------------------------
     0 | D:1      | Descartes the Felid Wanderer began the quest for the Orb.
     0 | D:1      | Descartes set off with the following items: ; and the
                  | following spell memorised: Foxfire; and the following
                  | spells available to memorise: Corpse Rot, Sublimation of
                  | Blood, Conjure Flame
     0 | D:1      | Reached XP level 1. HP: 7/7 MP: 5/5
   295 | D:1      | Reached XP level 2. HP: 11/11 MP: 0/7
  1244 | D:2      | Found a blossoming altar of Fedhas.
  1600 | D:2      | Reached XP level 3. HP: 14/14 MP: 3/8
  2444 | D:2      | Noticed a phantom
  3289 | D:2      | Slain by a jackal

Illustrated notes

Levels and vault maps discovered:
D:1:      evilmike_arrival_hilbert_curve, layout_basic
D:2:      layout_loops_cross, amethyst_killhole, fedhas_altar_fruit_tree
D:3:      layout_basic, nemelex_xobeh_ov_fountains_minmay

Skill      XL: |  1  2  3 |
---------------+----------+-----
Fire Magic     | 2 3 |  3.0
Dodging        | 2 3 |  3.0
Unarmed Combat | |  2.0
Spellcasting   | |  3.0
Evocations     | |  2.1

Action                   || total
-------------------------++-------
Melee: Unarmed           ||    32
       Bite              ||     3
       Punch             ||     1
 Cast: Foxfire           ||   118
Armor: Skin              ||     4
Dodge: Dodged            ||    48
